[Event "ICC tourney 2288 (45 10)"]
[Site "Internet Chess Club"]
[Date "2021.01.09"]
[Round "3"]
[White "USChessNinja"]
[Black "JudeNYC"]
[Result "1-0"]
[ICCResult "Black checkmated"]
[WhiteElo "1761"]
[BlackElo "1622"]
[Opening "Caro-Kann: advance variation"]
[ECO "B12"]
[NIC "CK.02"]
[Time "17:02:04"]
[PlyCount "133"]
[TimeControl "2700+10"]

1. e4 c6 2. d4 d5 3. e5 c5 4. c3 Nc6 5. Nf3 Bg4 6. a3 a5 7. Be2 e6 8. O-O
Bxf3 9. Bxf3 cxd4 10. cxd4 Qb6 11. Nc3 Qxd4 12. Qe2 Qxe5 13. Qxe5 Nxe5 14.
Bxd5 exd5 15. Re1 f6 16. f4 Bc5+ 17. Kh1 Bd6 18. fxe5 fxe5 19. Bg5 Nf6 20.
Rad1 Kf7 21. Nxd5 Nxd5 22. Rxd5 Ke6 23. Rb5 Kf5 24. Bd2 Rhb8 25. Bxa5 b6
26. Bc3 Kf6 27. Bxe5+ Bxe5 28. Rexe5 Ra5 29. Rf5+ Kg6 30. h4 h6 31. h5+ Kh7
32. Rxa5 bxa5 33. Rxa5 Rxb2 34. a4 Rb4 35. Kh2 Kg8 36. Ra8+ Kf7 37. Kh3 Kf6
38. Ra6+ Kg5 39. Ra5+ Kf4 40. g3+ Kf3 41. Ra7 Rb1 42. Rf7+ Ke2 43. Rxg7
Rh1+ 44. Kg4 Ra1 45. Ra7 Ra3 46. Kh4 Kf2 47. Rf7+ Kg2 48. Rf6 Rxa4+ 49. g4
Re4 50. Rxh6 Kf3 51. Rg6 Re2 52. h6 Rh2+ 53. Kg5 Rg2 54. h7 Rh2 55. Rh6
Rxh6 56. Kxh6 Kxg4 57. h8=Q Kf5 58. Qg7 Kf4 59. Qg5+ Kf3 60. Kg6 Kf2 61.
Kf5 Kf3 62. Qf4+ Ke2 63. Ke4 Kd1 64. Kd3 Ke1 65. Qd2+ Kf1 66. Qh2 Ke1 67.
Qe2# { Black checkmated } 1-0

[Event "ICC tourney 2288 (45 10)"]
[Site "Internet Chess Club"]
[Date "2021.01.09"]
[Round "3"]
[White "jmwgroff"]
[Black "chesssky"]
[Result "0-1"]
[ICCResult "White forfeits on time"]
[WhiteElo "1894"]
[BlackElo "1991"]
[Opening "QGD semi-Slav"]
[ECO "D43"]
[NIC "SL.03"]
[Time "17:01:33"]
[PlyCount "86"]
[TimeControl "2700+10"]

1. d4 d5 2. c4 c6 3. Nc3 Nf6 4. Nf3 e6 5. Bg5 h6 6. Bh4 dxc4 7. e4 g5 8.
Bg3 b5 9. Ne5 Bb4 10. Qf3 Bb7 11. Rd1 Nbd7 12. h4 Rg8 13. hxg5 hxg5 14.
Nxd7 Nxd7 15. a3 Bxc3+ 16. bxc3 Qe7 17. Bc7 Nf6 18. e5 Qxc7 19. Qxf6 Qe7
20. Qh6 Qxa3 21. Rh3 Qf8 22. Qh5 a5 23. Rb1 Bc8 24. Be2 a4 25. Bf3 Bd7 26.
Be4 a3 27. Bh7 a2 28. Ra1 Rh8 29. Qxg5 Qa3 30. Qd2 Qb3 31. Be4 Rxh3 32.
gxh3 b4 33. Qg5 Qxc3+ 34. Ke2 Qb2+ 35. Kf3 Qa3+ 36. Kg2 b3 37. h4 Qf8 38.
Qd2 Qe7 39. h5 Qh4 40. Bf3 Ke7 41. Qb4+ Ke8 42. Qxc4 Qg5+ 43. Kf1 b2 {
White forfeits on time } 0-1

[Event "ICC tourney 2288 (45 10)"]
[Site "Internet Chess Club"]
[Date "2021.01.09"]
[Round "3"]
[White "Daniel-Lee"]
[Black "elytito2017"]
[Result "0-1"]
[ICCResult "White resigns"]
[WhiteElo "1877"]
[BlackElo "1907"]
[Opening "Sicilian"]
[ECO "B56"]
[NIC "SI.25"]
[Time "17:01:34"]
[PlyCount "100"]
[TimeControl "2700+10"]

1. e4 c5 2. Nf3 Nc6 3. d4 cxd4 4. Nxd4 Nf6 5. Nc3 d6 6. Be3 Ng4 7. Bb5 Nxe3
8. Nxc6 Nxd1 9. Nxd8+ Kxd8 10. Rxd1 e6 11. O-O Be7 12. e5 d5 13. Ne2 Kc7
14. c4 a6 15. cxd5 exd5 16. Ba4 Be6 17. Bb3 Rhd8 18. Rd3 Rd7 19. Rfd1 Rad8
20. Nf4 Kc6 21. Rc1+ Kb6 22. Ba4 Rc7 23. Rcd1 Rc4 24. Nxd5+ Bxd5 25. Bb3
Kc5 26. Bxc4 Kxc4 27. b3+ Kc5 28. b4+ Kc6 29. Rc1+ Kb5 30. a4+ Kxb4 31.
Rd4+ Ka5 32. Rcd1 Bc6 33. Rxd8 Bxd8 34. Rxd8 Kxa4 35. Kf1 a5 36. g3 Kb3 37.
Ke1 a4 38. Kd2 Kb2 39. Rd4 Kb3 40. Kc1 b5 41. Kb1 b4 42. Rd3+ Kc4 43. Re3
Kd4 44. Kb2 Bd5 45. Re2 a3+ 46. Ka1 b3 47. f3 b2+ 48. Kb1 Bxf3 49. Rd2+
Kxe5 50. Rd8 Be4+ { White resigns } 0-1

[Event "ICC tourney 2288 (45 10)"]
[Site "Internet Chess Club"]
[Date "2021.01.09"]
[Round "3"]
[White "kgeisenman32"]
[Black "DanielA1926"]
[Result "0-1"]
[ICCResult "White checkmated"]
[WhiteElo "1522"]
[BlackElo "1771"]
[Opening "Modern defense"]
[ECO "A40"]
[NIC "QO.17"]
[Time "17:01:29"]
[PlyCount "76"]
[TimeControl "2700+10"]

1. d4 g6 2. Nf3 Bg7 3. Bf4 d6 4. e3 Bg4 5. c3 Nd7 6. Nbd2 a6 7. h3 Bxf3 8.
Nxf3 e5 9. Bg3 Qe7 10. Bc4 Ngf6 11. Qc2 O-O 12. O-O e4 13. Nd2 Nb6 14. Be2
d5 15. c4 Nxc4 16. Nxc4 dxc4 17. Qxc4 c6 18. Rac1 Nd5 19. a3 a5 20. Bg4 f5
21. Be2 Kh8 22. Qc5 Qe8 23. Rcd1 g5 24. Qc1 f4 25. exf4 gxf4 26. Bh2 f3 27.
Bc4 Qh5 28. Bxd5 cxd5 29. Qc7 fxg2 30. Rfe1 Rf3 31. Be5 Rf7 32. Bxg7+ Rxg7
33. Qh2 Qf3 34. Rc1 Rf8 35. Rc2 e3 36. Ree2 exf2+ 37. Rxf2 Qd1+ 38. Rf1
gxf1=R# { White checkmated } 0-1

[Event "ICC tourney 2288 (45 10)"]
[Site "Internet Chess Club"]
[Date "2021.01.09"]
[Round "3"]
[White "ved2006"]
[Black "Theutltl"]
[Result "1-0"]
[ICCResult "Black resigns"]
[WhiteElo "1686"]
[BlackElo "1468"]
[Opening "Queen's pawn game"]
[ECO "D05"]
[NIC "QP.06"]
[Time "17:01:32"]
[PlyCount "83"]
[TimeControl "2700+10"]

1. d4 Nf6 2. Nf3 d5 3. e3 e6 4. c4 Bd6 5. Nc3 O-O 6. Bd3 dxc4 7. Bxc4 c5 8.
O-O Nc6 9. h3 a6 10. a4 b6 11. d5 exd5 12. Nxd5 Bc7 13. Nxc7 Qxc7 14. Bd2
Bb7 15. Qe2 Ne5 16. Nxe5 Qxe5 17. Bc3 Qe4 18. f3 Qe7 19. Rfd1 Rfd8 20.
Rxd8+ Qxd8 21. Rd1 Qe8 22. Bxf6 gxf6 23. b3 a5 24. Rd6 Qe5 25. Rxb6 Bc8 26.
f4 Qf5 27. Qg4+ Qxg4 28. hxg4 Bxg4 29. Rxf6 Ra7 30. Rc6 Bd1 31. Rxc5 Rb7
32. Rb5 Ra7 33. Kf2 Kg7 34. e4 Bc2 35. Ke3 Bd1 36. g3 h5 37. Be2 Bxe2 38.
Kxe2 Kg6 39. Kf3 f6 40. Rb6 Kg7 41. Kg2 Kg6 42. e5 { Black resigns } 1-0

[Event "ICC tourney 2288 (45 10)"]
[Site "Internet Chess Club"]
[Date "2021.01.09"]
[Round "3"]
[White "Fischeresque930"]
[Black "robbies"]
[Result "1-0"]
[ICCResult "Black resigns"]
[WhiteElo "1776"]
[BlackElo "1641"]
[Opening "QGD semi-Slav: 5...Nd7"]
[ECO "D45"]
[NIC "SL.08"]
[Time "17:01:33"]
[PlyCount "147"]
[TimeControl "2700+10"]

1. c4 c6 2. d4 d5 3. e3 Nf6 4. Nf3 e6 5. Nc3 Nbd7 6. a3 a5 7. Bd3 dxc4 8.
Bxc4 b5 9. Bd3 Bd6 10. O-O O-O 11. h3 Bb7 12. Bd2 b4 13. Ne4 Nxe4 14. Bxe4
Nf6 15. Bd3 c5 16. dxc5 Bxc5 17. Be2 Ne4 18. Be1 Qf6 19. axb4 axb4 20. Rxa8
Bxa8 21. Qc2 Bd6 22. Bd3 Ng5 23. Nxg5 Qxg5 24. Bxh7+ Kh8 25. f4 Qxg2+ 26.
Qxg2 Bxg2 27. Kxg2 Kxh7 28. Kf3 Rc8 29. Rf2 b3 30. Bc3 f6 31. Rd2 Rc6 32.
Ke4 Kg6 33. Rg2+ Kf7 34. Kd3 Be7 35. Rg1 Bd6 36. Ra1 Rc7 37. Ra8 Be7 38.
Rb8 Bc5 39. Rxb3 Rd7+ 40. Ke2 Ke7 41. Rb5 Bd6 42. Kf3 Rc7 43. Ra5 Rb7 44.
Ra8 Rc7 45. Ra1 Rb7 46. h4 Kf7 47. h5 Bf8 48. Ke4 Bb4 49. Bd4 Ke7 50. Kd3
Rc7 51. Ra4 Bd6 52. b4 e5 53. fxe5 fxe5 54. Bb2 Kd7 55. b5 Rb7 56. Kc4 Ke6
57. Ra6 Rc7+ 58. Kd3 Kd7 59. Ba3 Bxa3 60. Rxa3 Rb7 61. Kc4 Ke6 62. Kc5 Kf5
63. Kc6 Rb8 64. b6 Rc8+ 65. Kb5 Rc1 66. Ra7 Ke4 67. Rxg7 Kd5 68. Rd7+ Ke6
69. Rc7 Rb1+ 70. Ka6 Kd6 71. Kb7 Rb4 72. h6 Rh4 73. h7 Rh5 74. Kc8 { Black
resigns } 1-0

[Event "ICC tourney 2288 (45 10)"]
[Site "Internet Chess Club"]
[Date "2021.01.09"]
[Round "3"]
[White "chesslin"]
[Black "LightSpeed"]
[Result "0-1"]
[ICCResult "White resigns"]
[WhiteElo "1765"]
[BlackElo "1643"]
[Opening "Queen's pawn: London system"]
[ECO "A45"]
[NIC "QP.07"]
[Time "17:01:39"]
[PlyCount "76"]
[TimeControl "2700+10"]

1. d4 Nf6 2. Bf4 d5 3. e3 Bf5 4. c4 e6 5. Nc3 c6 6. Qb3 Qc8 7. Rc1 Nbd7 8.
cxd5 exd5 9. Nb5 Nh5 10. Nc7+ Kd8 11. Nxa8 Nxf4 12. exf4 Qxa8 13. Nf3 Bd6
14. g3 Re8+ 15. Be2 f6 16. Rc3 Kc7 17. Re3 Nb6 18. O-O h6 19. Nh4 Bh3 20.
Re1 g5 21. fxg5 fxg5 22. Ng2 Rf8 23. a3 Qd8 24. Bh5 Qf6 25. Qc2 Qxd4 26.
Qh7+ Nd7 27. Qc2 Ne5 28. Qe2 Nc4 29. Rb3 Bc5 30. Ne3 Qf6 31. Rc3 d4 32.
Rxc4 dxe3 33. f3 Bb6 34. Re4 Rd8 35. Qc4 g4 36. Qc3 Qxf3 37. Qe5+ Kc8 38.
Bxg4+ Bxg4 { White resigns } 0-1

[Event "ICC tourney 2288 (45 10)"]
[Site "Internet Chess Club"]
[Date "2021.01.09"]
[Round "3"]
[White "JeremyICC"]
[Black "GrandWizard"]
[Result "1/2-1/2"]
[ICCResult "Game drawn by repetition"]
[WhiteElo "1650"]
[BlackElo "1806"]
[Opening "Dutch"]
[ECO "A80"]
[NIC "HD.12"]
[Time "17:01:39"]
[PlyCount "99"]
[TimeControl "2700+10"]

1. d4 f5 2. Bf4 d5 3. e3 e6 4. c4 c6 5. Nc3 Nf6 6. Nf3 Bd6 7. Bg3 O-O 8. a3
Qc7 9. c5 Bxg3 10. hxg3 Bd7 11. Ne2 h6 12. Nf4 Ng4 13. Ng6 Rf6 14. Nge5
Nxe5 15. Nxe5 Be8 16. g4 Nd7 17. f4 Nxe5 18. fxe5 Rf8 19. Bd3 Bg6 20. O-O
Rf7 21. gxf5 Bxf5 22. Bxf5 exf5 23. Qh5 Raf8 24. b4 Kh7 25. Rf2 g6 26. Qe2
Qe7 27. a4 f4 28. Raf1 fxe3 29. Rxf7+ Rxf7 30. Rxf7+ Qxf7 31. Qxe3 Qe6 32.
Qf4 Kg7 33. Kf2 g5 34. Qf3 Kg6 35. g4 a6 36. Kg3 Qf7 37. Qxf7+ Kxf7 38. Kf3
Ke7 39. Ke3 Kd7 40. Kd3 Ke6 41. b5 a5 42. bxc6 bxc6 43. Ke3 Kf7 44. Kf3 Kg6
45. Kg3 Kf7 46. Kf3 Ke6 47. Kg3 Kf7 48. Kf3 Kg6 49. Kg3 Kf7 50. Kf3 { Game
drawn by repetition } 1/2-1/2

[Event "ICC tourney 2288 (45 10)"]
[Site "Internet Chess Club"]
[Date "2021.01.09"]
[Round "3"]
[White "ctforce3"]
[Black "MChessy"]
[Result "0-1"]
[ICCResult "White resigns"]
[WhiteElo "1890"]
[BlackElo "1704"]
[Opening "Caro-Kann: exchange variation"]
[ECO "B13"]
[NIC "CK.02"]
[Time "17:01:55"]
[PlyCount "80"]
[TimeControl "2700+10"]

1. e4 c6 2. d4 d5 3. exd5 cxd5 4. Bd3 Nd7 5. Bf4 Ngf6 6. Nf3 e6 7. Nbd2 Be7
8. O-O O-O 9. Re1 Nh5 10. Bg3 Nxg3 11. hxg3 h5 12. b3 h4 13. gxh4 Bxh4 14.
Nxh4 Qxh4 15. Nf3 Qh6 16. Ne5 g6 17. Re3 Kg7 18. Ng4 Qf4 19. c3 f5 20. Ne5
Rh8 21. Nxd7 Bxd7 22. Rg3 Rh4 23. Rh3 Rxh3 24. gxh3 Rh8 25. Bf1 Qg5+ 26.
Kh1 f4 27. Qf3 e5 28. dxe5 Qxe5 29. Rd1 Bc6 30. Rd4 Qe1 31. Kg2 Bd7 32.
Rxf4 Bxh3+ 33. Kg3 Bf5 34. Qxd5 Qxc3+ 35. Rf3 Qc7+ 36. Rf4 Qc3+ 37. Qf3 Qc7
38. Kg2 Rh3 39. Qd5 Qxf4 40. Qxb7+ Kh6 { White resigns } 0-1

[Event "ICC tourney 2288 (45 10)"]
[Site "Internet Chess Club"]
[Date "2021.01.09"]
[Round "4"]
[White "robbies"]
[Black "NickManley1987"]
[Result "1-0"]
[ICCResult "Black resigns"]
[WhiteElo "1641"]
[BlackElo "1543"]
[Opening "Ponziani: Jaenisch counter-attack"]
[ECO "C44"]
[NIC "KP.05"]
[Time "19:31:38"]
[PlyCount "30"]
[TimeControl "2700+10"]

1. e4 e5 2. Nf3 Nc6 3. c3 Nf6 4. d4 Nxe4 5. d5 Nb8 6. Qe2 Nd6 7. Qxe5+ Qe7
8. Bd3 Qxe5+ 9. Nxe5 g6 10. O-O Bg7 11. Re1 O-O 12. Bf4 Re8 13. Nd2 Nf5 14.
Ng4 d6 15. Rxe8+ Bf8 { Black resigns } 1-0

[Event "ICC tourney 2288 (45 10)"]
[Site "Internet Chess Club"]
[Date "2021.01.09"]
[Round "4"]
[White "abi2009"]
[Black "Pulsar42"]
[Result "1-0"]
[ICCResult "Black checkmated"]
[WhiteElo "1710"]
[BlackElo "1550"]
[Opening "Ruy Lopez: Möller defense"]
[ECO "C78"]
[NIC "RL.12"]
[Time "19:31:36"]
[PlyCount "125"]
[TimeControl "2700+10"]

1. e4 e5 2. Nf3 Nc6 3. Bb5 a6 4. Ba4 Nf6 5. O-O Bc5 6. c3 b5 7. Bc2 d5 8.
exd5 Nxd5 9. d4 exd4 10. cxd4 Be7 11. Nc3 O-O 12. Be4 Be6 13. Be3 Rb8 14.
a3 Na5 15. Nxd5 Bxd5 16. Bxd5 Qxd5 17. Ne5 Nc4 18. Nxc4 Qxc4 19. b3 Qd5 20.
b4 Bf6 21. Rc1 c6 22. Rc5 Qd6 23. Qd2 Rfe8 24. Bf4 Qxd4 25. Qxd4 Bxd4 26.
Rxc6 Ra8 27. Rd1 a5 28. g3 Bf6 29. Rc5 axb4 30. axb4 Ra4 31. Rxb5 Bc3 32.
Bd6 Rd8 33. Kg2 g6 34. Be5 Rc8 35. Rc1 Ra3 36. Bxc3 Raxc3 37. Rxc3 Rxc3 38.
Rb8+ Kg7 39. b5 Rb3 40. b6 Kf6 41. b7 Ke7 42. Kf1 Kd7 43. Rf8 Kc7 44. Rxf7+
Kb8 45. Rxh7 Rxb7 46. Rxb7+ Kxb7 47. Ke2 Kc7 48. Kf3 Kd7 49. Kg4 Ke7 50.
Kg5 Kf7 51. f4 Kg7 52. g4 Kf7 53. f5 gxf5 54. gxf5 Kg7 55. f6+ Kf7 56. h4
Kf8 57. h5 Kf7 58. h6 Kg8 59. Kg6 Kh8 60. Kf5 Kg8 61. Ke6 Kf8 62. h7 Ke8
63. h8=Q# { Black checkmated } 1-0

[Event "ICC tourney 2288 (45 10)"]
[Site "Internet Chess Club"]
[Date "2021.01.09"]
[Round "4"]
[White "Theutltl"]
[Black "ab4gm"]
[Result "1-0"]
[ICCResult "Black checkmated"]
[WhiteElo "1468"]
[BlackElo "1122"]
[Opening "Giuoco Piano"]
[ECO "C54"]
[NIC "IG.02"]
[Time "19:31:45"]
[PlyCount "55"]
[TimeControl "2700+10"]

1. e4 e5 2. Nf3 Nc6 3. Bc4 Bc5 4. c3 Nf6 5. d3 O-O 6. b4 Be7 7. O-O d5 8.
exd5 Nxd5 9. h3 Bf6 10. b5 Na5 11. Bxd5 Qxd5 12. c4 Qd8 13. d4 exd4 14. Qd3
Be6 15. Na3 Be7 16. Bd2 Bxa3 17. Bxa5 Bb2 18. Rad1 b6 19. Bd2 Qc8 20. Qc2
Bc3 21. Bxc3 dxc3 22. Qxc3 Rd8 23. Nd4 c5 24. bxc6 Qa6 25. Nxe6 fxe6 26. c7
Rdc8 27. Rd7 Qxa2 28. Qxg7# { Black checkmated } 1-0

[Event "ICC tourney 2288 (45 10)"]
[Site "Internet Chess Club"]
[Date "2021.01.09"]
[Round "4"]
[White "MChessy"]
[Black "jmwgroff"]
[Result "0-1"]
[ICCResult "White checkmated"]
[WhiteElo "1704"]
[BlackElo "1894"]
[Opening "Caro-Kann: Tartakower (Nimzovich) variation"]
[ECO "B15"]
[NIC "CK.06"]
[Time "19:31:36"]
[PlyCount "58"]
[TimeControl "2700+10"]

1. e4 c6 2. d4 d5 3. Nd2 dxe4 4. Nxe4 Nf6 5. Nxf6+ exf6 6. Nf3 Bd6 7. Be3
O-O 8. Qd2 Re8 9. O-O-O Nd7 10. h4 Nf8 11. h5 Be6 12. a3 b5 13. h6 g6 14.
Nh4 Qe7 15. Qc3 a5 16. d5 Bxd5 17. Re1 b4 18. Qd3 bxa3 19. bxa3 Bxa3+ 20.
Kd1 Rab8 21. Nf5 gxf5 22. Qxf5 Rb1+ 23. Kd2 Bb4+ 24. c3 Bxc3+ 25. Kxc3 Qb4+
26. Kc2 Rb2+ 27. Kd1 Bb3+ 28. Kc1 Qc3+ 29. Qc2 Qxc2# { White checkmated }
0-1

[Event "ICC tourney 2288 (45 10)"]
[Site "Internet Chess Club"]
[Date "2021.01.09"]
[Round "4"]
[White "aminsamani99"]
[Black "USChessNinja"]
[Result "1-0"]
[ICCResult "Black resigns"]
[WhiteElo "1841"]
[BlackElo "1761"]
[Opening "Grünfeld: Three knights variation"]
[ECO "D90"]
[NIC "GI.07"]
[Time "19:31:42"]
[PlyCount "73"]
[TimeControl "2700+10"]

1. d4 Nf6 2. c4 g6 3. Nf3 Bg7 4. Nc3 d5 5. g3 O-O 6. Bg2 e6 7. cxd5 Nxd5 8.
Nxd5 exd5 9. O-O Be6 10. Bf4 Nd7 11. Rc1 Rc8 12. b4 b6 13. a4 c5 14. Bd6
Re8 15. bxc5 bxc5 16. Bxc5 Nxc5 17. Rxc5 Rxc5 18. dxc5 Qa5 19. c6 Rc8 20.
Nd4 Bxd4 21. Qxd4 Rxc6 22. Rb1 Qc5 23. Rb8+ Bc8 24. Qxc5 Rxc5 25. Bxd5 Kg7
26. Rb5 Rc2 27. e4 Bh3 28. Rb1 Rc3 29. f4 Rc2 30. e5 Rd2 31. Bf3 Rd4 32.
Ra1 Rb4 33. Ra2 Rb1+ 34. Kf2 Rf1+ 35. Ke3 Re1+ 36. Kd4 Rd1+ 37. Bxd1 {
Black resigns } 1-0

[Event "ICC tourney 2288 (45 10)"]
[Site "Internet Chess Club"]
[Date "2021.01.09"]
[Round "4"]
[White "kgeisenman32"]
[Black "Daniel-Lee"]
[Result "0-1"]
[ICCResult "White resigns"]
[WhiteElo "1522"]
[BlackElo "1877"]
[Opening "Queen's bishop game"]
[ECO "D02"]
[NIC "QP.08"]
[Time "19:31:36"]
[PlyCount "108"]
[TimeControl "2700+10"]

1. d4 d5 2. Nf3 Nf6 3. Bf4 c5 4. c3 Nc6 5. e3 Bf5 6. Bd3 Bg6 7. h3 e6 8.
Bxg6 hxg6 9. Nbd2 Be7 10. Qb3 Qb6 11. O-O O-O 12. Rfe1 Rfd8 13. Qxb6 axb6
14. Bc7 Rdc8 15. Bxb6 c4 16. Bc5 Bxc5 17. dxc5 Ne7 18. e4 Rxc5 19. e5 Nd7
20. Nd4 Rca5 21. a3 Nc5 22. Rab1 Nd3 23. Red1 Nxe5 24. Nc2 Rb5 25. Nb4 N7c6
26. f4 Nxb4 27. axb4 Nd3 28. Nf3 Nxf4 29. Ra1 Ra6 30. Rxa6 bxa6 31. Ra1 Rb6
32. Ne1 e5 33. Kf2 d4 34. Ra5 f6 35. Rc5 d3 36. Rc8+ Kf7 37. Ke3 Rd6 38.
Kd2 e4 39. Rc7+ Ke6 40. Rxc4 e3+ 41. Kd1 d2 42. Re4+ Kf5 43. Rxe3 dxe1=Q+
44. Kxe1 Nxg2+ 45. Ke2 Nxe3 46. Kxe3 Ke5 47. c4 Rd4 48. b3 f5 49. c5 f4+
50. Kf3 Rd3+ 51. Ke2 Rxb3 52. c6 Rc3 53. b5 axb5 54. c7 Rxc7 { White
resigns } 0-1

[Event "ICC tourney 2288 (45 10)"]
[Site "Internet Chess Club"]
[Date "2021.01.09"]
[Round "4"]
[White "VincentT2008"]
[Black "Fischeresque930"]
[Result "1-0"]
[ICCResult "Black resigns"]
[WhiteElo "1726"]
[BlackElo "1776"]
[Opening "QGD: exchange, positional line"]
[ECO "D35"]
[NIC "QO.16"]
[Time "19:31:36"]
[PlyCount "83"]
[TimeControl "2700+10"]

1. d4 d5 2. c4 e6 3. Nc3 Nf6 4. cxd5 exd5 5. Bg5 Be7 6. e3 c6 7. Bd3 O-O 8.
Qc2 h6 9. Bh4 Re8 10. Nge2 Nbd7 11. O-O b6 12. f3 Bb7 13. Bf2 Rc8 14. Bf5
Ra8 15. e4 Kh8 16. e5 Ng8 17. Rad1 Nf8 18. Rfe1 g6 19. Bh3 Bc8 20. f4 Bxh3
21. gxh3 Qd7 22. Qd3 h5 23. Kh1 Nh6 24. Rg1 Nf5 25. Ng3 Nxg3+ 26. Rxg3 Bh4
27. Rg2 Bxf2 28. Rxf2 f5 29. exf6 Qf7 30. f5 g5 31. Qf3 Rad8 32. Rg2 Nh7
33. Rdg1 Rd6 34. Rxg5 Nxf6 35. Rg7 Qf8 36. Qf4 Ne4 37. Nxe4 dxe4 38. Rg8+
Qxg8 39. Rxg8+ Kxg8 40. Qxd6 e3 41. Qg6+ Kf8 42. f6 { Black resigns } 1-0

[Event "ICC tourney 2288 (45 10)"]
[Site "Internet Chess Club"]
[Date "2021.01.09"]
[Round "4"]
[White "landonp"]
[Black "chesslin"]
[Result "0-1"]
[ICCResult "White resigns"]
[WhiteElo "1472"]
[BlackElo "1765"]
[Opening "Robatsch (modern) defense"]
[ECO "B06"]
[NIC "KF.05"]
[Time "19:32:30"]
[PlyCount "80"]
[TimeControl "2700+10"]

1. e4 g6 2. d4 Bg7 3. Nf3 d6 4. Be3 Nf6 5. Bd3 O-O 6. Nc3 a6 7. Qd2 b5 8.
O-O-O Nbd7 9. Bh6 c5 10. d5 Nb6 11. h4 Bg4 12. Be2 b4 13. Nb1 Nxe4 14. Qe3
f5 15. Bxg7 Kxg7 16. Ng5 Nxg5 17. hxg5 Bxe2 18. Qxe2 h5 19. gxh6+ Kh7 20.
Rd3 Rf6 21. Nd2 Qf8 22. Nf3 Ra7 23. Ng5+ Kh8 24. Ne6 Qc8 25. Nf4 a5 26. Re3
Qb7 27. Re6 Nxd5 28. Rxf6 Nxf4 29. Qc4 exf6 30. Qxf4 Qxg2 31. Re1 Qg5 32.
Qxg5 fxg5 33. Re6 Kh7 34. Rxd6 a4 35. Rc6 Ra5 36. Kd2 Kxh6 37. Kd3 g4 38.
Kc4 f4 39. Rxc5 Rxc5+ 40. Kxc5 g3 { White resigns } 0-1

[Event "ICC tourney 2288 (45 10)"]
[Site "Internet Chess Club"]
[Date "2021.01.09"]
[Round "4"]
[White "JudeNYC"]
[Black "ctforce3"]
[Result "0-1"]
[ICCResult "White checkmated"]
[WhiteElo "1622"]
[BlackElo "1890"]
[Opening "Sicilian defense"]
[ECO "B20"]
[NIC "SI.48"]
[Time "19:32:18"]
[PlyCount "120"]
[TimeControl "2700+10"]

1. e4 c5 2. a3 Nc6 3. b4 cxb4 4. axb4 Nxb4 5. c3 Nc6 6. d4 d5 7. exd5 Qxd5
8. Na3 a6 9. Nb5 Qd8 10. d5 Na7 11. Nxa7 Rxa7 12. Bb5+ Bd7 13. Bxd7+ Qxd7
14. Qa4 Nf6 15. Qxd7+ Kxd7 16. c4 e6 17. dxe6+ Kxe6 18. Nf3 Bb4+ 19. Bd2
Bxd2+ 20. Kxd2 Rd8+ 21. Ke3 Nd7 22. Nd4+ Kf6 23. Nb5 Raa8 24. Nc7 Rac8 25.
Nd5+ Kg5 26. f4+ Kh6 27. g4 g6 28. Kd3 Nb6 29. Rac1 Nxd5 30. cxd5 Rxc1 31.
Rxc1 Rxd5+ 32. Ke4 Rb5 33. Rc7 Kg7 34. h4 a5 35. f5 gxf5+ 36. gxf5 a4 37.
Rc4 Ra5 38. Rb4 a3 39. Rb1 a2 40. Ra1 b5 41. Kd4 Kf6 42. Kc5 Kxf5 43. Kb4
Ra8 44. Kxb5 Kg4 45. Kb4 Kxh4 46. Kb3 h5 47. Rxa2 Rxa2 48. Kxa2 Kg3 49. Kb2
h4 50. Kc2 h3 51. Kd2 h2 52. Ke2 h1=Q 53. Ke3 f5 54. Kd4 f4 55. Kd3 f3 56.
Kd4 f2 57. Kc5 f1=Q 58. Kb6 Qb1+ 59. Kc7 Qbb7+ 60. Kd6 Qhd5# { White
checkmated } 0-1

[Event "ICC tourney 2288 (45 10)"]
[Site "Internet Chess Club"]
[Date "2021.01.09"]
[Round "4"]
[White "davidtxie"]
[Black "Laine23"]
[Result "0-1"]
[ICCResult "White resigns"]
[WhiteElo "1671"]
[BlackElo "1645"]
[Opening "Sicilian: Kan, 5.Nc3"]
[ECO "B43"]
[NIC "SI.41"]
[Time "19:31:36"]
[PlyCount "120"]
[TimeControl "2700+10"]

1. e4 c5 2. Nf3 e6 3. d4 cxd4 4. Nxd4 a6 5. Nc3 Qc7 6. Be3 Nf6 7. Qd2 Bb4
8. Bd3 d5 9. f3 O-O 10. Nde2 Nc6 11. a3 dxe4 12. Bxe4 Nxe4 13. fxe4 Be7 14.
O-O b5 15. Bf4 Qb6+ 16. Kh1 Bb7 17. Qe1 Rad8 18. Qg3 Qc5 19. Rad1 Rxd1 20.
Rxd1 Rd8 21. Rxd8+ Bxd8 22. Be3 Qe7 23. Nd4 Na5 24. Nb3 Nc4 25. Bc5 Qd7 26.
Bd4 f6 27. Nc5 Qxd4 28. Nxb7 Be7 29. Qg4 Qe5 30. Nd1 f5 31. Qe2 fxe4 32.
Qf2 Nxb2 33. Nxb2 Qxb2 34. h3 Qxa3 35. Qb6 Qa2 36. Qc6 Qd5 37. Qe8+ Bf8 38.
Nd8 Qd1+ 39. Kh2 Qd6+ 40. Kh1 Qe7 41. Qxe7 Bxe7 42. Nxe6 a5 43. Kg1 b4 44.
Kf1 a4 45. Nd4 a3 46. Ke2 a2 47. Nb3 Bf6 48. Ke3 a1=Q 49. Nxa1 Bxa1 50.
Kxe4 Bc3 51. Kf5 Kf7 52. g4 h6 53. h4 g6+ 54. Kf4 Ke6 55. h5 gxh5 56. gxh5
Bd2+ 57. Ke4 Bg5 58. Kd4 Kf5 59. Kc4 Bd2 60. Kd3 Bc3 { White resigns } 0-1

[Event "ICC tourney 2288 (45 10)"]
[Site "Internet Chess Club"]
[Date "2021.01.09"]
[Round "4"]
[White "DanielA1926"]
[Black "elytito2017"]
[Result "0-1"]
[ICCResult "White resigns"]
[WhiteElo "1771"]
[BlackElo "1907"]
[Opening "Dutch with c4 & Nc3"]
[ECO "A85"]
[NIC "HD.05"]
[Time "19:31:35"]
[PlyCount "66"]
[TimeControl "2700+10"]

1. d4 f5 2. c4 Nf6 3. Nc3 e6 4. Bg5 Bb4 5. e3 O-O 6. Bd3 Qe8 7. Nf3 Ne4 8.
Qc2 Bxc3+ 9. bxc3 Qg6 10. h4 Nxg5 11. hxg5 d6 12. O-O-O Nc6 13. g4 e5 14.
c5 e4 15. Bc4+ Kh8 16. Nh4 Qxg5 17. Rdg1 fxg4 18. Qxe4 Bf5 19. Nxf5 Qxf5
20. Rxh7+ Kxh7 21. Qh1+ Kg6 22. Qh4 Qh5 23. Rxg4+ Kh6 24. Qxh5+ Kxh5 25.
Be2 Kh6 26. cxd6 Rxf2 27. Kd2 cxd6 28. d5 Ne5 29. Rh4+ Kg5 30. Rh5+ Kf6 31.
Ke1 Rf5 32. Rxf5+ Kxf5 33. Kd2 Rh8 { White resigns } 0-1

[Event "ICC tourney 2288 (45 10)"]
[Site "Internet Chess Club"]
[Date "2021.01.09"]
[Round "4"]
[White "chesssky"]
[Black "AmyMGL"]
[Result "1-0"]
[ICCResult "Black checkmated"]
[WhiteElo "1991"]
[BlackElo "1900"]
[Opening "Queen's pawn game"]
[ECO "E10"]
[NIC "QI.01"]
[Time "19:31:37"]
[PlyCount "83"]
[TimeControl "2700+10"]

1. Nf3 Nf6 2. d4 e6 3. c4 d5 4. g3 c6 5. Bg2 Be7 6. O-O O-O 7. Qc2 h6 8.
Rd1 Nbd7 9. b3 b5 10. Nbd2 Rb8 11. e4 bxc4 12. bxc4 Ba6 13. e5 Nh7 14. Qa4
Qc8 15. c5 f5 16. exf6 Rxf6 17. Re1 Bd3 18. Qa3 Bf5 19. Nf1 Be4 20. Bf4 Rb7
21. Rxe4 dxe4 22. Ne5 Ng5 23. h4 Nf3+ 24. Nxf3 exf3 25. Bxf3 e5 26. dxe5
Bxc5 27. Qc1 Rxf4 28. Qxf4 Rb2 29. Ne3 Bb6 30. Bg4 Qc7 31. Be6+ Kh7 32.
Qf5+ Kh8 33. Qf7 Qb8 34. Qxd7 Bxe3 35. fxe3 Rb1+ 36. Rxb1 Qxb1+ 37. Kg2
Qc2+ 38. Kh3 Qf2 39. Qe8+ Kh7 40. Bg8+ Kh8 41. Bf7+ Kh7 42. Qg8# { Black
checkmated } 1-0

[Event "ICC tourney 2288 (45 10)"]
[Site "Internet Chess Club"]
[Date "2021.01.09"]
[Round "4"]
[White "ved2006"]
[Black "pianoboy"]
[Result "1/2-1/2"]
[ICCResult "Game drawn by mutual agreement"]
[WhiteElo "1686"]
[BlackElo "1849"]
[Opening "Queen's pawn game, Krause variation"]
[ECO "D02"]
[NIC "QP.08"]
[Time "19:31:35"]
[PlyCount "81"]
[TimeControl "2700+10"]

1. d4 d5 2. Nf3 c5 3. c3 Nc6 4. e3 e6 5. Bd3 Nf6 6. Nbd2 Bd6 7. O-O O-O 8.
b3 e5 9. dxe5 Nxe5 10. Be2 Bf5 11. Nxe5 Bxe5 12. Bb2 Ne4 13. Nxe4 Bxe4 14.
Bf3 f5 15. Bxe4 fxe4 16. Qd2 Qd6 17. g3 Rad8 18. Rad1 Qe6 19. Qc2 b5 20.
Ba3 Rc8 21. Rd2 b4 22. Bb2 bxc3 23. Bxc3 d4 24. Bb2 d3 25. Qc1 Bxb2 26.
Qxb2 c4 27. Qc3 Rfd8 28. b4 Qf6 29. Rc1 Qa6 30. a3 Qa4 31. Rb1 Qb5 32. Rc1
Rd6 33. Kg2 Qf5 34. Kg1 Rcc6 35. Kg2 Qf3+ 36. Kg1 Rh6 37. Qe5 Rhd6 38. Qe8+
Qf8 39. Qxe4 Qf7 40. Rc3 Kf8 41. b5 { Game drawn by mutual agreement }
1/2-1/2